 Dungeon Crawl Stone Soup version 0.31.0-32-g396128a36d (webtiles) character file.

Game seed: 3137767329633792442

3091 booth the Cleaver (level 9, -2/78 (84) HPs)
             Began as a Minotaur Monk on Apr 1, 2024.
             Was a High Priest of Wu Jian.
             Slain by a wight
             ... wielding a +3 great sword of freezing
              (13 damage)
             ... on level 7 of the Dungeon.
             The game lasted 00:31:52 (4232 turns).

booth the Cleaver (Minotaur Monk)                   Turns: 4232, Time: 00:31:53

HP:   -2/78 (84)    AC:  7    Str: 21    XL:     9   Next: 59%
MP:   8/8           EV: 12    Int:  8    God:    Wu Jian [*****.]
Gold: 166           SH:  0    Dex: 13    Spells: 8/8 levels left

rFire   . . .        a - +1 hand axe (vamp)
rCold   + . .        (no shield)
rNeg    . . .        i - +2 ring mail
rPois   .            (helmet restricted)
rElec   +            (no cloak)
rCorr   .            (no gloves)
SInv    .            (no boots)
Will    +....        e - amulet of regeneration
Stlth   +            d - ring of willpower
HPRegen 1.13/turn    (no ring)
MPRegen 0.11/turn

%: no passive effects
@: drained
A: horns 2, retaliatory headbutt, talons 1, cold resistance 1, electricity
resistance, strong 1
a: Renounce Religion, Wall Jump, Serpent's Lash, Heavenly Storm


You were on level 7 of the Dungeon.
You worshipped Wu Jian.
Wu Jian was extremely pleased with you.
You visited 2 branches of the dungeon, and saw 8 of its levels.

You collected 341 gold pieces.
You spent 175 gold pieces at shops.

Inventory:

Hand Weapons
 a - a +1 vampiric hand axe (weapon)
 k - a +0 mace of flaming
Missiles
 o - 13 poisoned darts (quivered)
 q - a throwing net
 r - 6 javelins
Armour
 i - a +2 ring mail (worn)
Jewellery
 d - a ring of willpower (left hand)
 e - an amulet of regeneration (around neck)
Wands
 s - a wand of flame (15)
Scrolls
 h - a scroll of fog
 j - 2 scrolls of immolation
 m - 4 scrolls of revelation
 n - a scroll of poison {unknown}
 p - 2 scrolls of teleportation
 t - a scroll of fear {unknown}
Potions
 b - a potion of curing
 c - a potion of ambrosia
 f - 2 potions of brilliance
 g - a potion of enlightenment
 l - 3 potions of haste


   Skills:
 + Level 9.6 Fighting
 + Level 12.1 Axes
 + Level 2.8 Throwing
 + Level 3.4 Armour
 + Level 5.0 Dodging


You had 8 spell levels left.
You didn't know any spells.
Your spell library contained the following spells:

 Spells                   Type           Power      Damage    Failure   Level
 Lesser Beckoning         Tloc           0%         N/A       71%         2
 Mercury Vapours          Alch/Air       0%         N/A       71%         2
 Static Discharge         Conj/Air       0%         3-3/arc   71%         2
 Gell's Gravitas          Tloc           0%         N/A       91%         3
 Mephitic Cloud           Conj/Alch/Air  0%         N/A       91%         3
 Teleport Other           Tloc           0%         N/A       91%         3
 Airstrike                Air            0%         2d(0-16)  100%        4
 Summon Lightning Spire   Summ/Air       0%         N/A       100%        4
 Freezing Cloud           Conj/Ice/Air   0%         6-21      100%        5
 Dispersal                Tloc           0%         N/A       100%        6
 Sculpt Simulacrum        Ice/Alch       0%         N/A       100%        6
 Ozocubu's Refrigeration  Ice            0%         4d7       100%        7
 Polar Vortex             Ice            0%         N/A       100%        9


Dungeon Overview and Level Annotations

Branches:
Dungeon (7/15)             Temple (1/1) D:7

Altars:
Ashenzari
Cheibriados
Elyvilon
Fedhas
Gozag
Hepliaklqana
Kikubaaqudgha
Makhleb
Nemelex Xobeh
Qazlal
Ru
Sif Muna
Trog
Uskayaw
Vehumet
Wu Jian
Xom
Yredelemnul
Zin
The Shining One

Shops:
D:1 *   D:4 *?

Annotations:
D:2 1 runed translucent door, Crazy Yiuf
D:3 3 runed translucent doors, Prival's ghost, weakling HOFi
D:5 2 transporters, Prival's ghost, amateur HOMo


Innate Abilities, Weirdness & Mutations

You have a pair of horns on your head.
You reflexively headbutt those who attack you in melee.
You have sharp toenails.
Your flesh is cold resistant. (rC+)
You are resistant to electric shocks. (rElec)
Your muscles are strong. (Str +4, Int/Dex -1)


Message History

You slash the wight! You claw the wight.
You destroy the wight!
The Council accepts your kill.
You spin and attack the wight repeatedly.
You hit the wight but do no damage.
The wight is heavily damaged.
You barely miss the wight.
The wight is heavily damaged.
The wight hits you with a +3 great sword of freezing!
You feel drained. The wight freezes you. The wight barely misses you.
Your Dodging skill increases to level 5!
You spin and attack the wight.
You barely miss the wight. You claw the wight, but do no damage.
The wight is heavily damaged.
The wight barely misses you.
You spin and attack the wight.
You hit the wight but do no damage. Your kick misses the wight.
The wight is heavily damaged.
You spin and attack the wight.
You hit the wight but do no damage.
The wight is heavily damaged.
The wight hits you with a +3 great sword of freezing.
You feel drained.
* * * LOW HITPOINT WARNING * * *
The wight freezes you.
* * * LOW HITPOINT WARNING * * *
The wight hits you with a +5 great sword!
* * * LOW HITPOINT WARNING * * *
You feel drained.
* * * LOW HITPOINT WARNING * * *
Things that are here:
a +0 battleaxe; a +0 robe You spin and attack the wight.
You closely miss the wight. Your kick misses the wight.
The wight is heavily damaged.
You spin and attack the wight.
You completely miss the wight.
You headbutt the wight, but do no damage.
The wight is heavily damaged.
The wight barely misses you.
The wight hits you with a +3 great sword of freezing!
You die...

#.#.#...###
####...###.........#
.....### ####).....#
#.........#
#.#.######........##
#.........#
....#......#.###.##
##.......## ..............#
#.# #.........# ........##
#.# #.........# ........#
#.# ###.........#
........####.###...........#
..........z@.....#.........#
..........z).....##.......##
...........).....###.....##
.......#.........# #######
#.....##.........# ######
#.........# ###########


You could see 2 wights.

Vanquished Creatures
  A two-headed ogre (D:7)
  Menkaure (D:4)
  2 water moccasins (D:6)
  2 ice beasts
  A black bear (D:7)
  2 ogres (D:6)
  2 phantoms
  A kobold brigand (D:6)
  A bullfrog (D:5)
  A scorpion (D:6)
  6 wights
  4 killer bees (D:7)
  5 howler monkeys
  2 orc priests
  3 hounds
  2 sleepcaps (D:6)
  3 iguanas
  6 orc wizards
  7 gnolls
  12 adders
  A white imp (D:7)
  15 orcs
  A bat (D:2)
  6 endoplasms
  4 giant cockroaches
  7 goblins
  6 hobgoblins
  11 jackals
  8 kobolds
  2 quokkas (D:2)
  6 ball pythons
  5 frilled lizards
  5 rats
141 creatures vanquished.

Vanquished Creatures (others)
  An orc wizard (D:6)
1 creature vanquished.

Grand Total: 142 creatures vanquished

Notes
Turn   | Place    | Note
-------+----------+-------------------------------------------
     0 | D:1      | booth the Minotaur Monk began the quest for the Orb.
     0 | D:1      | Reached XP level 1. HP: 19/19 MP: 0/0
   125 | D:1      | Found a faded altar of an unknown god.
   131 | D:1      | Prayed at the altar of an unknown god.
   131 | D:1      | Became a worshipper of the Wu Jian Council
   131 | D:1      | Reached * piety under Wu Jian
   131 | D:1      | Reached ** piety under Wu Jian
   158 | D:1      | Reached XP level 2. HP: 27/27 MP: 1/1
   241 | D:1      | Reached skill level 4 in Axes
   348 | D:1      | Found Tianujaz's Assorted Antiques.
   640 | D:2      | Reached *** piety under Wu Jian
   751 | D:2      | Found an opulent altar of Gozag.
   781 | D:2      | Reached XP level 3. HP: 33/33 MP: 2/2
  1132 | D:2      | Reached skill level 5 in Axes
  1132 | D:2      | Reached XP level 4. HP: 41/41 MP: 3/3
  1276 | D:2      | Found a runed translucent door.
  1277 | D:2      | Noticed Crazy Yiuf
  1598 | D:3      | Reached **** piety under Wu Jian
  1625 | D:3      | Reached skill level 5 in Fighting
  1625 | D:3      | Reached XP level 5. HP: 16/48 MP: 4/4
  1930 | D:3      | Reached skill level 6 in Axes
  1941 | D:3      | Found a runed translucent gate.
  1941 | D:3      | Found a runed translucent gate.
  1941 | D:3      | Found a runed translucent gate.
  1956 | D:3      | Noticed Prival's ghost (weakling HOFi)
  1956 | D:3      | Identified the +0 scale mail of Somewhere Else {rC++ Str+5
                  | Dex-5}
  2022 | D:4      | Noticed Menkaure
  2137 | D:3      | Gained mutation: Your health recovers twice as slowly from
                  | being drained. [potion of mutation]
  2137 | D:3      | Gained mutation: Your body sometimes deteriorates upon
                  | taking damage. [potion of mutation]
  2137 | D:3      | Gained mutation: Your flesh is cold resistant. (rC+)
                  | [potion of mutation]
  2138 | D:3      | Lost mutation: Your health recovers twice as slowly from
                  | being drained. [potion of mutation]
  2138 | D:3      | Lost mutation: Your body sometimes deteriorates upon taking
                  | damage. [potion of mutation]
  2138 | D:3      | Gained mutation: You are resistant to electric shocks.
                  | (rElec) [potion of mutation]
  2138 | D:3      | Gained mutation: Your muscles are strong. (Str +4, Int/Dex
                  | -1) [potion of mutation]
  2138 | D:3      | Gained mutation: You have sharp toenails. [potion of
                  | mutation]
  2140 | D:4      | Found Tuesm's Magic Scroll Boutique.
  2157 | D:4      | Reached XP level 6. HP: 25/56 MP: 5/5
  2195 | D:4      | Bought a scroll of identify for 28 gold pieces
  2195 | D:4      | Bought a scroll of enchant weapon for 105 gold pieces
  2226 | D:4      | Found Mol Mur's Serpentskin Sales.
  2248 | D:4      | Found a broken altar of Ashenzari.
  2407 | D:4      | Reached skill level 7 in Axes
  2417 | D:4      | Found a burning altar of Makhleb.
  2421 | D:4      | Noticed a balrug
  2423 | D:4      | Found a glowing silver altar of Zin.
  2423 | D:4      | Noticed an angel
  2627 | D:4      | Found a blossoming altar of Fedhas.
  2635 | D:4      | Found an ancient bone altar of Kikubaaqudgha.
  2720 | D:4      | Bought a scroll of teleportation for 42 gold pieces
  2730 | D:4      | Found a shimmering blue altar of Sif Muna.
  2737 | D:4      | Killed Menkaure
  2738 | D:4      | Reached XP level 7. HP: 38/63 MP: 6/6
  2742 | D:4      | Reached skill level 8 in Axes
  2850 | D:5      | Entered Level 5 of the Dungeon
  2892 | D:5      | Noticed a +0 dagger
  2893 | D:5      | Noticed a +0 spear
  2893 | D:5      | Noticed a +0 dagger
  2893 | D:5      | Noticed a +0 falchion
  2894 | D:5      | Noticed a +0 short sword
  2894 | D:5      | Noticed a +0 short sword
  2894 | D:5      | Noticed a +0 falchion
  2894 | D:5      | Noticed a +0 spear
  2896 | D:5      | Found a hide-covered altar of Uskayaw.
  3190 | D:5      | Found a transporter.
  3195 | D:5      | Noticed Prival's ghost (amateur HOMo)
  3196 | D:5      | Found a transporter.
  3225 | D:5      | Reached skill level 9 in Axes
  3321 | D:6      | Reached XP level 8. HP: 36/73 MP: 7/7
  3332 | D:6      | Reached skill level 10 in Axes
  3790 | D:6      | Reached skill level 11 in Axes
  3930 | D:7      | Reached skill level 1 in Armour
  3930 | D:7      | Reached XP level 9. HP: 80/82 MP: 8/8
  3949 | D:7      | Reached skill level 1 in Throwing
  3971 | D:7      | Found a staircase to the Ecumenical Temple.
  3980 | Temple   | Entered the Ecumenical Temple
  4067 | D:7      | Noticed a two-headed ogre
  4078 | D:7      | Killed a two-headed ogre
  4079 | D:7      | Reached skill level 12 in Axes
  4227 | D:7      | Reached ***** piety under Wu Jian
  4230 | D:7      | Reached skill level 5 in Dodging
  4232 | D:7      | Slain by a wight

Illustrated notes

Levels and vault maps discovered:
D:1:      matt_arrival_diagonals, layout_basic, serial_shops,
          nicolae_shop_statue_plus, shapermc_ecumenical_altar_notcrosses
D:2:      layout_loops_cross, basic_altar, minmay_between,
          uniq_crazy_yiuf_cottage
D:3:      layout_rooms, biasface_ghost_orc_armoury
D:4:      layout_rooms, grunt_temple_overflow_growth_and_decay,
          mainiacjoe_overflow_brackets, led_sif_pool,
          grunt_temple_overflow_order_and_chaos_2, serial_shops,
          nicolae_stop_n_shop_1, guppyfry_shop_venom, uniq_menkaure
D:5:      layout_rooms, nicolae_uskayaw_en_pointe, gammafunk_ghost_mausoleum
D:6:      layout_rooms
D:7:      layout_rooms, minmay_temple_entry_slanted
Temple:   nicolae_temple_ecumenical_triangle

Skill      XL: |  1  2  3  4  5  6  7  8  9 |
---------------+----------------------------+-----
Axes           | 4 5 6 7 9 11 12 | 12.1
Fighting       | 4 5 6 7 8 9 |  9.6
Armour         | 1 3 |  3.4
Throwing       | 2 |  2.8
Dodging        | 5 |  5.0

Action                     |  1- 3 |  4- 6 |  7- 9 || total
---------------------------+-------+-------+-------++-------
  Melee: Hand axe          |    73 |   124 |   227 ||   424
         Headbutt          |    11 |    20 |    50 ||    81
         Kick              |       |    20 |    75 ||    95
         Punch             |       |       |     3 ||     3
  Throw: Javelin           |       |     4 |       ||     4
         Dart              |       |       |     2 ||     2
Ability: Lunge             |    14 |    13 |    29 ||    56
         Whirlwind         |    15 |    45 |   111 ||   171
    Use: Potion            |     1 |     3 |       ||     4
         Scroll            |       |    10 |     3 ||    13
 Armour: Robe              |     3 |       |       ||     3
         Ring mail         |    24 |    67 |   104 ||   195
         Leather armour    |     5 |       |       ||     5
  Dodge: Dodged            |    37 |    58 |   106 ||   201
